 Dungeon Crawl Stone Soup version 0.17-a0-1184-gb75be8f (webtiles) character file.

894 Ladykiller69 the Shield-Bearer (level 8, -4/64 HPs)
             Began as a Formicid Fighter on June 1, 2015.
             Slain by an ogre
             ... wielding a +0 giant club
              (22 damage)
             ... on level 5 of the Dungeon on June 2, 2015.
             The game lasted 00:16:43 (4136 turns).

Ladykiller69 the Shield-Bearer (Formicid Fighter)   Turns: 4136, Time: 00:16:43

Health: -4/64      AC: 10    Str: 23    XL:     8   Next: 27%
Magic:  8/8        EV:  5    Int:  8    God:
Gold:   243        SH: 16    Dex: 10    Spells: 0 memorised, 7 levels left

rFire  . . .     SeeInvis +     a - +0 war axe
rCold  . . .     Clarity  .     l - +0 chain mail
rNeg   . . .     SustAt   .     t - +0 large shield
rPois  .         Gourm    .     (helmet unavailable)
rElec  .         Spirit   .     (no cloak)
rCorr  .         Warding  .     (no gloves)
rMut   .         Stasis   +     (no boots)
MR     .....                    (no amulet)
Stlth  ..........               (no ring)
                                (no ring)

@: not resistant to hostile enchantments, extremely unstealthy
A: permanent stasis, dig shafts and tunnels, four strong arms, antennae 3
a: Dig, Shaft Self


You were on level 5 of the Dungeon.
You were not hungry.

You visited 1 branch of the dungeon, and saw 7 of its levels.

You collected 243 gold pieces.

Inventory:

Hand weapons
 a - a +0 war axe (weapon)
 B - a +0 flail
Missiles
 m - 3 tomahawks (quivered)
Armour
 b - a +0 scale mail
 c - a +0 shield
 l - a +0 chain mail (worn)
 n - a +0 pair of gloves
 t - a +0 large shield (worn)
 C - a +0 cloak
Jewellery
 q - an uncursed amulet of warding {unknown}
 v - an uncursed ring of protection from fire {unknown}
Magical devices
 y - a wand of frost (36)
 A - a wand of polymorph (14)
Scrolls
 g - 5 scrolls of remove curse {unknown}
 h - 8 scrolls of identify {unknown}
 p - 3 scrolls of enchant armour {unknown}
 r - a scroll of immolation {unknown}
 D - a scroll of teleportation {unknown}
Potions
 d - a potion of might
 f - a potion of lignification
 i - 2 potions of curing {unknown}
 o - 2 potions of agility
 s - a potion of poison {unknown}
 x - 4 potions of flight {unknown}
 E - 2 potions of invisibility {unknown}
Books
 k - a Grand Grimoire {highlevel, unknown}

   This book is beyond your current level of understanding.

   Spells                             Type                      Level
   a - Monstrous Menagerie            Summoning                    6
   b - Summon Greater Demon           Summoning                    7
   c - Malign Gateway                 Summoning/Translocation      7
   d - Summon Horrible Things         Summoning                    8
Comestibles
 e - 5 bread rations
 j - 2 fruits
 u - 2 slices of pizza
 w - a chunk of flesh
 z - a meat ration


   Skills:
 + Level 5.8 Fighting
 + Level 4.7 Axes
 + Level 5.5 Armour
 - Level 1.1 Dodging
 + Level 6.4 Shields


You had 7 spell levels left.
You didn't know any spells.

Dungeon Overview and Level Annotations

Branches:
Dungeon (7/15)
 Temple: D:4-7

Altars:
Dithmenos
Kikubaaqudgha

Annotations:
D:3 Grinder


Innate Abilities, Weirdness & Mutations

You are under a permanent stasis effect.
You can dig through walls and to a lower floor.
Your four strong arms can wield two-handed weapons with a shield.
You have a pair of large antennae on your head (SInv).


Message History

Found a centaur barding.
You see here 2 fuming sapphire potions.
x - 4 fuming sapphire potions (gained 2) Quiver which item? (- for none, * to show all) (? for menu, Esc to quit)
Okay, then.
Throwing (i - inventory):
m - 4 tomahawks (quivered)
Press: ? - help, Shift-Dir - straight line, f - ogre
Aim: an ogre, wielding a giant club You throw a tomahawk.
The tomahawk barely misses the ogre.
You hit the ogre.
The ogre is lightly wounded.
The ogre hits you with a giant club!
You barely miss the ogre.
The ogre is lightly wounded.
The ogre hits you with a giant club!!
* * * LOW HITPOINT WARNING * * *
Your shield and chain mail prevent you from hitting the ogre.
The ogre is lightly wounded.
The ogre hits you with a giant club!!
You die...

#.#.#
#####...........
# #.#.#
#.#####.##..# #
#.#.# #.# #.#
..# # #.#.# #.#
##.# .# #
#.#.#########.#
...# . #
#......O.O.##.#
[# #
#...######.##.#
.# # #...#
#.##.###.####.#
# #..O#
#(....O@).....#
# #...#
########..#####
# #...# ..# #
#...# .... { #
#.... .#### #
#..## .# # .# .#


You could see an ogre.

Vanquished Creatures
  A centaur (D:6)
  2 giant frogs (D:6)
  The ghost of Kidiri the Shooter, a weakling CeHu of Okawaru (D:3)
  A crimson imp (D:7)
  A hound (D:6)
  2 human zombies (D:6)
  2 jellies (D:6)
  2 orc wizards (D:6)
  2 orc priests
  4 worker ants
  A killer bee zombie (D:7)
  6 adders
  3 shadow imps
  An ooze (D:3)
  An adder zombie (D:6)
  An adder skeleton (D:6)
  4 worms
  A giant gecko (D:1)
  9 orcs
  10 bats
  4 giant cockroaches
  9 goblins
  8 hobgoblins
  2 jackals (D:1)
  10 kobolds
  4 giant newts
  5 quokkas
  14 rats
111 creatures vanquished.

Notes
Turn   | Place    | Note
--------------------------------------------------------------
     0 | D:1      | Ladykiller69 the Formicid Fighter began the quest for the Orb.
     0 | D:1      | Reached XP level 1. HP: 18/18 MP: 1/1
   177 | D:1      | Reached XP level 2. HP: 13/24 MP: 2/2
   479 | D:1      | Reached skill level 4 in Shields
   525 | D:1      | Reached XP level 3. HP: 27/29 MP: 3/3
  1125 | D:2      | Reached XP level 4. HP: 37/37 MP: 4/4
  1263 | D:3      | Reached skill level 1 in Dodging
  1486 | D:3      | You fall through a shaft for 3 floors!
  1712 | D:6      | Noticed a centaur
  1719 | D:6      | Killed a centaur
  1719 | D:6      | Reached XP level 5. HP: 31/42 MP: 5/5
  1765 | D:6      | Noticed a sky beast
  1882 | D:6      | Found an ancient bone altar of Kikubaaqudgha.
  1897 | D:6      | Reached XP level 6. HP: 42/49 MP: 6/6
  1956 | D:6      | Noticed a giant frog
  1969 | D:6      | Killed a giant frog
  1969 | D:6      | Reached skill level 5 in Shields
  2450 | D:6      | Noticed a giant frog
  2473 | D:6      | Killed a giant frog
  2473 | D:6      | Reached skill level 5 in Fighting
  2473 | D:6      | Reached XP level 7. HP: 13/56 MP: 7/7
  2818 | D:6      | Reached skill level 5 in Armour
  2922 | D:5      | Entered Level 5 of the Dungeon
  3061 | D:3      | Noticed Kidiri's ghost (weakling CeHu)
  3076 | D:3      | Killed Kidiri's ghost
  3076 | D:3      | Reached skill level 6 in Shields
  3343 | D:3      | Noticed Grinder
  3641 | D:5      | Found a shadowy altar of Dithmenos.
  3819 | D:5      | Reached XP level 8. HP: 52/63 MP: 8/8
  4136 | D:5      | Slain by an ogre

Vault maps used:
D:1:      dpeg_arrival_snail, minivault_5
D:3:      first_bread, uniq_grinder
D:4:      minmay_temple_entry_large_hall, serial_shops, kennysheep_little_box
D:5:      nicolae_dithmenos_through_a_glass_darkly, uniq_edmund
D:6:      kiku_gazebo_garden_becter, enter_ossuary_3

Action                   |  1- 3 |  4- 6 |  7- 9 || total
-------------------------+-------+-------+-------++-------
Melee: War axe           |   124 |   125 |   206 ||   455
Throw: Tomahawk          |       |       |     1 ||     1
 Abil: Dig               |       |    10 |     8 ||    18
       Shaft Self        |       |     1 |       ||     1
  Use: Potion            |       |     2 |       ||     2
  Eat: Chunk             |     1 |     2 |     3 ||     6
       Beef jerky        |       |     1 |       ||     1
       Meat ration       |       |     1 |       ||     1
       Fruit             |       |       |     1 ||     1
